 Dungeon Crawl Stone Soup version 0.27-a0-890-ged2907cb04 (webtiles) character file.

Game seed: 14492203411667760916

28 Kakkamies the Vexing (level 3, 28/28 HPs)
             Began as a Gnoll Arcane Marksman on Apr 5, 2021.
             Was a Plaything of Xom.
             Got out of the dungeon alive.
             The game lasted 00:03:57 (1001 turns).

Kakkamies the Vexing (Gnoll Arcane Marksman)        Turns: 1001, Time: 00:03:57

Health: 28/28      AC:  8    Str: 10    XL:     3   Next: 12%
Magic:  7/7        EV:  5    Int: 12    God:    Xom [..*...]
Gold:   49         SH:  0    Dex: 12    Spells: 6/7 levels left

rFire    . . .     SeeInvis .   f - +0 whip
rCold    . . .     Faith    .   (no shield)
rNeg     . . .     Spirit   .   i - +0 chain mail
rPois    .         Reflect  .   (no helmet)
rElec    .         Harm     .   (no cloak)
rCorr    .         Rampage  .   (no gloves)
Will     .....                  (no boots)
Stlth    ..........             (no amulet)
HPRegen  0.09/turn              (no ring)
MPRegen  0.10/turn              (no ring)

@: no status effects
A: fangs 1, strong nose, distributed training
a: Renounce Religion


You escaped.
You worshipped Xom.
You were a toy of Xom.
You visited 1 branch of the dungeon, and saw 1 of its levels.

You collected 49 gold pieces.

Inventory:

Hand Weapons
 a - a +0 shortbow
 b - a +0 dagger
 f - a +0 whip (weapon)
Missiles
 c - 32 stones (quivered)
 d - 14 arrows
Armour
 e - a +0 robe
 i - a +0 chain mail (worn)
Jewellery
 l - a ring of protection from fire
Scrolls
 g - a scroll of immolation {unknown}
 j - a scroll of holy word {unknown}
Potions
 h - a potion of brilliance {unknown}
 k - a potion of heal wounds {unknown}


   Skills:
 + Level 2.5 Fighting
 + Level 0.6 Short Blades
 + Level 0.6 Long Blades
 + Level 0.6 Axes
 + Level 0.6 Maces & Flails
 + Level 0.6 Polearms
 + Level 0.6 Staves
 + Level 0.6 Slings
 + Level 4.5 Bows
 + Level 0.6 Crossbows
 + Level 0.6 Throwing
 + Level 0.6 Armour
 + Level 4.5 Dodging
 + Level 0.6 Stealth
 + Level 0.6 Shields
 + Level 0.6 Unarmed Combat
 + Level 2.8 Spellcasting
 + Level 0.4 Conjurations
 + Level 5.4 Hexes
 + Level 0.4 Summonings
 + Level 0.4 Necromancy
 + Level 0.4 Translocations
 + Level 0.4 Transmutations
 + Level 0.4 Fire Magic
 + Level 0.4 Ice Magic
 + Level 0.4 Air Magic
 + Level 0.4 Earth Magic
 + Level 0.4 Poison Magic
 + Level 0.8 Invocations
 + Level 0.6 Evocations


You had 6 spell levels left.
You knew the following spells:

 Your Spells              Type           Power      Damage    Failure   Level
a - Corona                Hex            15%        N/A       92%         1

Your spell library contained the following spells:

 Spells                   Type           Power      Damage    Failure   Level
 Slow                     Hex            14%        N/A       98%         2
 Animate Skeleton         Necr           4%         N/A       100%        1
 Apportation              Tloc           4%         N/A       100%        1
 Summon Small Mammal      Summ           8%         N/A       100%        1
 Inner Flame              Hex/Fire       8%         N/A       100%        3
 Portal Projectile        Hex/Tloc       16%        N/A       100%        3
 Cause Fear               Hex            7%         N/A       100%        4
 Leda's Liquefaction      Hex/Erth       4%         N/A       100%        4


Dungeon Overview and Level Annotations

Branches:
Dungeon (1/15)

Altars:
Xom

Shops:
D:1 ?


Innate Abilities, Weirdness & Mutations

You have very sharp teeth.
Your uncanny sense of smell can sniff out nearby items.
Your experience applies equally to all skills.


Message History

Fire: 11 arrows
Press: ? - help, Q - select action, (/) - cycle Shift-Dir - straight line, f/p - goblin
Aim: a goblin, wielding a +0 dagger (heavily wounded, 50% to hit)
You shoot an arrow. The arrow barely misses the goblin.
The goblin hits you but does no damage.
f - a +0 whip (weapon)
The goblin hits you but does no damage.
You miss the goblin.
The goblin is heavily wounded.
The goblin barely misses you.
You completely miss the goblin.
The goblin is heavily wounded.
The goblin hits you but does no damage.
You hit the goblin.
You kill the goblin!
No target in view!
d - 14 arrows (gained 4)
Things that are here:
a +0 dagger; a goblin corpse
Found a faded altar of an unknown god.
Unknown command.
Found an encrusted bone ring.
Found 10 gold pieces.
l - a ring of protection from fire
There is a faded altar of an unknown god here.
You cannot tell which god this altar belongs to.
Convert to them anyway?
Xom accepts your prayer! Xom welcomes you!
Xom is very interested.
You now have 49 gold pieces (gained 10).
There is a shimmering altar of Xom here.
Found a stone staircase leading down.
There is a stone staircase leading down here.
Things that are here:
a +0 dagger; a goblin corpse Done exploring.
There is an open door here.
There is a staircase leading out of the dungeon here.
Are you sure you want to leave the Dungeon?
This will make you lose the game!
You have escaped!

#.#
#.##
#..#
##.##
#..#
##.#
##'##
#8.8#
#♣@♣#
♣♣♣


There were no monsters in sight!

Vanquished Creatures
  2 dart slugs (D:1)
  2 bats (D:1)
  An endoplasm (D:1)
  A giant cockroach (D:1)
  3 goblins (D:1)
  2 hobgoblins (D:1)
  A quokka (D:1)
  2 ball pythons (D:1)
  2 frilled lizards (D:1)
  4 kobolds (D:1)
  3 rats (D:1)
23 creatures vanquished.

Notes
Turn   | Place    | Note
-------+----------+-------------------------------------------
     0 | D:1      | Kakkamies the Gnoll Arcane Marksman began the quest for the
                  | Orb.
     0 | D:1      | Reached XP level 1. HP: 17/17 MP: 4/4
   105 | D:1      | Found Tuwyfema's Magic Scroll Boutique.
   208 | D:1      | Reached XP level 2. HP: 20/23 MP: 5/5
   730 | D:1      | Reached XP level 3. HP: 28/28 MP: 7/7
   848 | D:1      | Found a faded altar of an unknown god.
   863 | D:1      | Became a worshipper of Xom of Chaos
  1001 | D:$      | Got out of the dungeon alive.

Illustrated notes

Levels and vault maps discovered:
D:1:      saegor_arrival_simple_b, layout_loops_cross, serial_shops,
          nicolae_shop_statue_plus, basic_ecumenical_altar

Action                   || total
-------------------------++-------
Melee: Dagger            ||    10
       Whip              ||    30
       Bite              ||     1
 Fire: Shortbow          ||    40
Armor: Robe              ||     6
       Chain mail        ||    17
Dodge: Dodged            ||    19

Table legend: (Time is in decaauts)
 A = Elapsed time spent in this place.
 B = Non-inter-level travel time spent in this place.
 C = Inter-level travel time spent in this place.
 D = Time resting spent in this place.
 E = Time spent auto-exploring this place.
 F = Levels seen in this place.
 G = Mean time per level.
                   A        B        C        D        E       F      G
               +--------+--------+--------+--------+--------+-----+--------+
         Total |   1001 |    947 |     54 |    100 |    648 |   1 | 1001.0 |
       Dungeon |   1001 |    947 |     54 |    100 |    648 |   1 | 1001.0 |
               +--------+--------+--------+--------+--------+-----+--------+

Top non-repeatable levels by time:
     D:1: 1001 daAuts
